 Dungeon Crawl Stone Soup version 0.31-a0-977-gc230f8ef24 (webtiles) character file.

Game seed: 5753632144483682850

25 CowFu the Sneak (level 2, 0/24 HPs)
             Began as a Draconian Brigand on Oct 29, 2023.
             Slain by Jessica
             ... wielding a +0 club
              (4 damage)
             ... on level 2 of the Dungeon.
             The game lasted 00:03:18 (1288 turns).

CowFu the Sneak (Draconian Brigand)                 Turns: 1288, Time: 00:03:18

Health: 0/24       AC:  5    Str: 13    XL:     2   Next: 86%
Magic:  2/2        EV: 11    Int: 11    God:
Gold:   89         SH:  0    Dex: 12    Spells: 1/1 levels left

rFire   . . .        a - +2 dagger
rCold   . . .        (no shield)
rNeg    . . .        (body armour unavailable)
rPois   .            (helmet restricted)
rElec   .            j - scarf {+Inv}
rCorr   .            e - +0 pair of gloves
SInv    .            (no boots)
Will    .....        (no amulet)
Stlth   ++           (no ring)
HPRegen 0.24/turn    (no ring)
MPRegen 0.08/turn

%: no passive effects
@: no status effects
A: AC +4, unfitting armour, cold-blooded
a: Evoke Invisibility


You were on level 2 of the Dungeon.
You visited 1 branch of the dungeon, and saw 2 of its levels.

You collected 89 gold pieces.

Inventory:

Hand Weapons
 a - a +2 dagger (weapon)
Missiles
 c - 9 poisoned darts
 d - 3 curare-tipped darts
Armour
 b - a +0 cloak
 e - a +0 pair of gloves (worn)
 j - a scarf of invisibility (worn)
Scrolls
 f - 2 scrolls of poison {unknown}
 h - a scroll of amnesia {unknown}
 i - a scroll of enchant armour {unknown}
 k - a scroll of identify {unknown}
 l - a scroll of fog {unknown}
Potions
 g - a potion of heal wounds {unknown}


   Skills:
 - Level 2.1 Fighting
 + Level 3.3 Short Blades
 - Level 1.9 Throwing
 - Level 0.8 Dodging
 - Level 3.6 Stealth


You had one spell level left.
You didn't know any spells.
Your spell library was empty.

Dungeon Overview and Level Annotations

Branches:
Dungeon (2/15)

Altars:

Shops:
D:1 !

Annotations:
D:1 2 transporters
D:2 1 runed translucent door, Crazy Yiuf, Jessica


Innate Abilities, Weirdness & Mutations

Your plain brown scales are hard. (AC +4)
You cannot fit into any form of body armour.
You are cold-blooded and may be slowed by cold attacks.


Message History

There's nothing to open nearby.
Found a stone staircase leading up.
Jessica the Apprentice Sorceress comes into view.
She is wielding a +0 club.
Jessica shouts!
Jessica is nearby!
Jessica gestures at you while chanting.
You feel yourself slow down.
Jessica is nearby!
There is a stone staircase leading up here.
Jessica is nearby!
You barely miss Jessica. Jessica hits you with a +0 club.
You closely miss Jessica. Jessica hits you but does no damage. x2
You closely miss Jessica. Jessica barely misses you.
You closely miss Jessica. Jessica closely misses you.
You hit Jessica but do no damage. Jessica gestures at you while chanting.
Pain shoots through your body!
Ouch! That really hurt!
You are too injured to fight recklessly!
You are too injured to fight recklessly!
You closely miss Jessica.
Your tail-slap misses Jessica.
Jessica gestures wildly while chanting.
Jessica blinks!
Jessica casts a spell at you. Pain shoots through your body!
* * * LOW HITPOINT WARNING * * *
Found 9 gold pieces.
Jessica barely misses you.
You hit Jessica.
Jessica is heavily wounded.
You feel yourself speed up.
Jessica very coldly says, "I hate your company."
Jessica gestures wildly while chanting.
Jessica seems to speed up.
You closely miss Jessica.
Jessica is heavily wounded.
Jessica hits you but does no damage. x2
You hit Jessica.
Jessica is heavily wounded.
Jessica hits you with a +0 club.
You die...

##........$.#
...........#
###..........#
.............#
#...........#
#...........#
##.....@.....#
.......@.....#
#.#..........#####
#...$.<........#
##############.##
.........##
...####...##
###..###..#
#......##.####
..............


You could see Jessica (fast).

Vanquished Creatures
  A dart slug (D:1)
  2 bats
  An endoplasm (D:1)
  3 giant cockroaches
  2 goblins
  A hobgoblin (D:1)
  2 quokkas (D:1)
  A ball python (D:1)
  2 kobolds (D:1)
  9 rats (D:1)
24 creatures vanquished.

Notes
Turn   | Place    | Note
-------+----------+-------------------------------------------
     0 | D:1      | CowFu the Draconian Brigand began the quest for the Orb.
     0 | D:1      | Reached XP level 1. HP: 17/17 MP: 1/1
   221 | D:1      | Found Josuusch's Distillery.
   249 | D:1      | Reached XP level 2. HP: 19/24 MP: 2/2
   369 | D:1      | Found a faded altar of an unknown god.
  1228 | D:2      | Found a runed translucent door.
  1229 | D:2      | Noticed Crazy Yiuf
  1273 | D:2      | Noticed Jessica
  1288 | D:2      | Slain by Jessica

Illustrated notes

Levels and vault maps discovered:
D:1:      spicycebolla_arrival_transporter_tutorial, layout_basic,
          ebering_ecumenical_altar_sacrificial, serial_shops, shop,
          roderic_lattice_a, minmay_rat_gold_closets
D:2:      layout_basic, minmay_misc_feat_iff, uniq_jessica,
          uniq_crazy_yiuf_cottage

Skill      XL: |  1  2 |
---------------+-------+-----
Short Blades   | 3 |  3.3
Fighting       | |  2.1
Throwing       | |  1.9
Dodging        | |  0.8
Stealth        | |  3.6

Action                     || total
---------------------------++-------
  Melee: Dagger            ||    60
         Tailslap          ||     5
   Stab: Sleeping          ||    13
 Armour: Skin              ||    35
  Dodge: Dodged            ||    19

Table legend: (Time is in decaauts)
 A = Elapsed time spent in this place.
 B = Non-inter-level travel time spent in this place.
 C = Inter-level travel time spent in this place.
 D = Time resting spent in this place.
 E = Time spent auto-exploring this place.
 F = Levels seen in this place.
 G = Mean time per level.
                   A        B        C        D        E       F      G
               +--------+--------+--------+--------+--------+-----+--------+
         Total |   1284 |   1202 |     82 |    100 |    881 |   2 |  642.0 |
       Dungeon |   1284 |   1202 |     82 |    100 |    881 |   2 |  642.0 |
               +--------+--------+--------+--------+--------+-----+--------+

Top non-repeatable levels by time:
     D:1: 1123 daAuts
     D:2: 161 daAuts
